 Dungeon Crawl Stone Soup version 0.26-a0-812-g31a745ddcd (webtiles) character file.

Game seed: 9021591576816791584

213 night the Gusty (level 5, -2/35 HPs)
             Began as a Demonspawn Air Elementalist on Nov 26, 2020.
             Killed by nerve-wracking pain
             ... invoked by an orc priest
              (14 damage)
             ... on level 3 of the Dungeon.
             The game lasted 00:06:28 (3226 turns).

night the Gusty (Demonspawn Air Elementalist)       Turns: 3226, Time: 00:06:29

Health: -2/35      AC:  4    Str:  9    XL:     5   Next: 59%
Magic:  0/9        EV: 12    Int: 17    God:
Gold:   197        SH:  0    Dex: 13    Spells: 3/10 levels left

rFire    . . .     SeeInvis .   o - +2 short sword (speed)
rCold    . . .     Faith    .   (no shield)
rNeg     . . .     Spirit   .   a - +0 robe
rPois    .         Reflect  .   (helmet restricted)
rElec    .         Harm     .   r - +1 cloak
rCorr    .         Rampage  .   (no gloves)
MR       .....                  (no boots)
Stlth    ++........             m - amulet of magic regeneration
HPRegen  0.11/turn              (no ring)
MPRegen  0.36/turn              (no ring)

@: no status effects
A: horns 1, spiny 1
a: no special abilities


You were on level 3 of the Dungeon.
You visited 1 branch of the dungeon, and saw 3 of its levels.

You collected 197 gold pieces.

Inventory:

Hand Weapons
 e - a +0 dagger
 o - a +2 short sword of speed (weapon)
Missiles
 c - 23 poisoned darts (quivered)
Armour
 a - a +0 robe (worn)
 r - a +1 cloak (worn)
Jewellery
 m - an amulet of magic regeneration (around neck)
Scrolls
 b - 5 scrolls of blinking {unknown}
 h - 3 scrolls of identify {unknown}
 i - 2 scrolls of teleportation {unknown}
 j - a scroll of enchant weapon {unknown}
 k - 2 scrolls of amnesia {unknown}
 l - 3 scrolls of remove curse {unknown}
 s - a scroll of random uselessness {unknown}
Potions
 d - 2 potions of ambrosia {unknown}
 f - 3 potions of heal wounds {unknown}
 g - a potion of attraction {unknown}
 n - a potion of brilliance {unknown}
 p - a potion of haste {unknown}
 q - a potion of flight {unknown}


   Skills:
 - Level 1.8 Dodging
 - Level 1.8 Stealth
 + Level 3.1 Spellcasting
 + Level 2.7 Conjurations
 * Level 4.4 Air Magic


You had 3 spell levels left.
You knew the following spells:

 Your Spells              Type           Power        Failure   Level
a - Shock                 Conj/Air       ###.         3%          1
b - Swiftness             Air            ###.....     4%          2
c - Airstrike             Air            ###.......   26%         4

Your spell library contained the following spells:

 Spells                   Type           Power        Failure   Level
 Magic Dart               Conj           ##..         5%          1
 Static Discharge         Conj/Air       ###.....     12%         3
 Mephitic Cloud           Conj/Pois/Air  ##......     19%         3
 Blink                    Tloc           N/A          26%         2
 Call Imp                 Summ           #.......     26%         2
 Slow                     Hex            #.......     26%         2
 Conjure Flame            Conj/Fire      #.......     28%         3
 Lightning Bolt           Conj/Air       ###.......   71%         5


Dungeon Overview and Level Annotations

Branches:
Dungeon (3/15)

Altars:


Innate Abilities, Weirdness & Mutations

You have a pair of small horns on your head.
You are partially covered in sharp spines.


Message History

An orc comes into view.
It is wielding a +0 falchion and quivering 3 silver boomerangs.
Casting: Shock (safe; 3% risk of failure)
Confirm with . or Enter, or press ? or * to list all spells.
Aiming: Shock (safe; 3% risk of failure)
Press: ? - help, Shift-Dir - straight line The zap hits the goblin.
You kill the goblin!
The orc priest mumbles some strange prayers to Beogh against you.
Beogh smites you!
Casting: Shock (safe; 3% risk of failure)
Confirm with . or Enter, or press ? or * to list all spells.
Aiming: Shock (safe; 3% risk of failure)
Press: ? - help, Shift-Dir - straight line, f - orc priest
Aim: an orc priest (lightly wounded)
The zap hits the orc priest.
The orc priest is heavily wounded.
An orc comes into view. It is wielding a +0 hand axe.
The orc priest calls down the wrath of Beogh upon you.
Pain shoots through your body!
You die...

## . o.. .. . oo ... .
##)###### ... .
#..)....# #####...
#....@..# #....#
#.).....####....######
.............'..........
..).......(.##..........
###.......####..........
#.......# #..........
#.......# #..........
######### #....######
#############


You could see an orc priest and 2 orcs.

Vanquished Creatures
  Crazy Yiuf (D:3)
  3 gnolls (D:2)
  6 adders
  An ufetubus (D:3)
  2 oozes (D:2)
  3 worms
  2 dart slugs
  3 leopard geckos
  2 orcs (D:3)
  7 bats
  3 giant cockroaches
  10 goblins
  7 hobgoblins
  6 jackals
  A quokka (D:2)
  A frilled lizard (D:1)
  4 kobolds
  10 rats
72 creatures vanquished.

Notes
Turn   | Place    | Note
-------+----------+-------------------------------------------
     0 | D:1      | night the Demonspawn Air Elementalist began the quest for
                  | the Orb.
     0 | D:1      | Reached XP level 1. HP: 13/13 MP: 3/3
   387 | D:1      | Gained mutation: You are partially covered in sharp spines.
                  | [demonic ancestry]
   387 | D:1      | Reached XP level 2. HP: 16/19 MP: 0/5
   475 | D:1      | Reached skill level 3 in Air Magic
  1285 | D:2      | Reached XP level 3. HP: 24/24 MP: 2/6
  1376 | D:2      | Learned a level 2 spell: Swiftness
  1486 | D:2      | Reached skill level 2 in Conjurations
  1558 | D:2      | Reached XP level 4. HP: 18/30 MP: 1/7
  2329 | D:3      | Reached skill level 4 in Air Magic
  2358 | D:3      | Gained mutation: You have a pair of small horns on your
                  | head. [demonic ancestry]
  2358 | D:3      | Reached XP level 5. HP: 35/35 MP: 5/9
  2364 | D:3      | Learned a level 4 spell: Airstrike
  2652 | D:3      | Found a runed translucent door.
  2653 | D:3      | Noticed Crazy Yiuf
  2664 | D:3      | Killed Crazy Yiuf
  3226 | D:3      | Killed from afar by an orc priest

Illustrated notes

Levels and vault maps discovered:
D:1:      heliophobic_arrival_henge, layout_basic
D:2:      layout_basic
D:3:      layout_basic, minmay_misc_feat_iff, uniq_crazy_yiuf_cottage,
          uniq_robin

Skill      XL: |  1  2  3  4  5 |
---------------+----------------+-----
Air Magic      | 3 4 |  4.4
Conjurations   | 2 |  2.7
Spellcasting   | 3 |  3.1
Dodging        | |  1.8
Stealth        | |  1.8

Action                   |  1- 3 |  4- 6 || total
-------------------------+-------+-------++-------
Melee: Dagger            |     8 |     6 ||    14
       Unarmed           |     2 |       ||     2
       Short sword       |       |     6 ||     6
       Headbutt          |       |     1 ||     1
 Cast: Shock             |    67 |    95 ||   162
Armor: Robe              |     6 |     2 ||     8
Dodge: Dodged            |    17 |     6 ||    23

Table legend: (Time is in decaauts)
 A = Elapsed time spent in this place.
 B = Non-inter-level travel time spent in this place.
 C = Inter-level travel time spent in this place.
 D = Time resting spent in this place.
 E = Time spent auto-exploring this place.
 F = Levels seen in this place.
 G = Mean time per level.
                   A        B        C        D        E       F      G
               +--------+--------+--------+--------+--------+-----+--------+
         Total |   3226 |   3181 |     45 |   1163 |   1579 |   3 | 1075.3 |
       Dungeon |   3226 |   3181 |     45 |   1163 |   1579 |   3 | 1075.3 |
               +--------+--------+--------+--------+--------+-----+--------+

Top non-repeatable levels by time:
     D:1: 1158 daAuts
     D:2: 1156 daAuts
     D:3: 910 daAuts
